Map: [TLMC15] Berlingrad

Players

ByuN - Winner!

  • Race: Terran Terran

Neeb

  • Race: Protoss Protoss

VOD

Have the link to the VOD?

Description

Time

  • Played on: Oct. 21, 2021, 9:55 a.m.
  • Length: 10:53
Show
View Real Time Build Order
Export as new Build Order

ByuN Terran - Winner!

Build Orders:  

Get SALT Encoding   

  12  0:00  SCV  
  13  0:12  SCV  
  14  0:17  Supply Depot  
  14  0:24  SCV  
  15  0:39  Barracks, SCV  
  16  0:43  Refinery  
  16  0:51  SCV  
  17  1:03  SCV  
  18  1:15  SCV  
  19  1:26  Marine  
  19  1:27  Orbital Command  
  20  1:40  Command Center  
  20  1:45  Barracks Reactor  
  20  1:53  Supply Depot  
  20  1:54  SCV  
  21  2:03  Barracks  
  21  2:06  SCV  
  22  2:18  SCV  
  22  2:22  Marine x2  
  25  2:25  Barracks  
  25  2:30  SCV  
  26  2:40  Marine x2  
  26  2:43  SCV  
  28  2:45  Supply Depot  
  28  2:52  Command Center  
  28  2:54  Barracks Tech Lab  
  28  2:56  SCV  
  30  3:01  Marine x2  
  29  3:15  Marine x2  
  29  3:19  Marine  
  31  3:21  Marine  
  31  3:22  Combat Shield  
  31  3:26  SCV  
  33  3:33  Marine  
  33  3:36  Marine  
  33  3:38  SCV  
  33  3:41  Marine x2  
  37  3:50  SCV  
  37  3:53  Marine x2  
  36  3:59  Marine x2  
  36  4:03  SCV  
  37  4:11  Marine x2  
  37  4:17  Marine x2  
  39  4:18  SCV  
  42  4:25  Engineering Bay  
  42  4:29  Marine x2  
  42  4:30  SCV  
  43  4:38  Marine  
  43  4:39  Marine  
  43  4:40  Stimpack  
  43  4:43  Orbital Command  
  43  4:44  SCV  
  46  4:47  Marine  
  47  4:56  Factory, SCV  
  48  5:00  Marine x2  
  48  5:01  Barracks Tech Lab  
  48  5:04  Refinery  
  50  5:08  Supply Depot, SCV  
  50  5:09  SCV  
  52  5:14  Marine  
  52  5:20  SCV  
  54  5:29  Marine x2  
  54  5:30  SCV  
  54  5:33  SCV  
  53  5:39  Missile Turret  
  53  5:42  Marine x2, SCV  
  54  5:45  Factory Reactor, SCV  
  54  5:46  Starport  
  54  5:47  Bunker  
  52  5:52  Marine x2  
  52  5:54  SCV  
  51  5:57  Supply Depot, SCV  
  51  6:01  Supply Depot  
  51  6:03  Marine x2  
  54  6:05  Refinery  
  54  6:06  SCV  
  54  6:09  SCV  
  54  6:10  Marine x2  
  58  6:17  Terran Infantry Weapons Level 1  
  58  6:20  SCV  
  58  6:21  Marine x2, SCV  
  58  6:25  Supply Depot  
  62  6:31  Supply Depot  
  62  6:32  SCV  
  62  6:38  Marine x2  
  62  6:39  Marauder  
  68  6:40  Marauder  
  68  6:41  SCV  
  68  6:43  Refinery  
  68  6:44  SCV  
  72  6:48  Supply Depot  
  72  6:49  Medivac x2  
  72  6:50  Supply Depot  
  74  6:55  SCV  
  74  6:56  SCV  
  74  6:57  Factory Reactor, Supply Depot  
  74  7:00  Marine x2  
  77  7:09  Marauder  
  77  7:10  Marauder  
  77  7:12  Concussive Shells  
  80  7:18  Marine x2  
  82  7:24  Medivac, Supply Depot  
  82  7:29  Medivac  
  86  7:35  Marauder x2  
  86  7:36  Marine x2  
  92  7:38  Supply Depot  
  91  7:45  Widow Mine x2  
  91  7:47  Command Center  
  95  7:57  Marine  
  95  7:58  Marine, Marauder x2  
  100  8:07  SCV  
  101  8:13  Barracks  
  101  8:14  Barracks  
  96  8:24  Marine x2, Marauder x2  
  96  8:25  SCV x2  
  91  8:28  Widow Mine  
  91  8:29  Widow Mine  
  85  8:42  Marine x2  
  85  8:45  Marauder x2  
  85  8:47  SCV x2  
  84  8:53  Medivac x2  
  85  8:58  Terran Infantry Armor Level 1  
  85  8:59  SCV x2  
  85  9:01  Orbital Command, Factory Tech Lab  
  86  9:06  Marauder x2  
  86  9:07  Marine  
  86  9:08  Marine  
  91  9:11  SCV  
  91  9:12  SCV  
  91  9:14  Missile Turret  
  91  9:16  Marine  
  94  9:17  Barracks Tech Lab  
  94  9:18  Marine  
  94  9:23  SCV  
  94  9:24  SCV  
  97  9:26  Marine x2  
  97  9:28  Siege Tank  
  102  9:34  SCV  
  102  9:35  SCV  
  102  9:36  SCV  
  102  9:37  Marauder x3  
  111  9:41  Marine x2  
  113  9:45  Refinery  
  113  9:46  Supply Depot, Refinery  
  113  9:53  Marine  
  113  9:54  Marine  
  113  9:58  Marauder x2  
  113  9:59  Marauder  
  121  10:01  Siege Tank  
  121  10:04  Medivac x2  
  126  10:23  Marauder x2  
  126  10:26  Marine x4  
  124  10:29  Marauder  
Show
View Real Time Build Order
Export as new Build Order

Neeb Protoss 

Build Orders: 1 Gate Expand 

Get SALT Encoding   

  12  0:00  Probe  
  13  0:12  Probe  
  14  0:18  Pylon  
  14  0:24  Probe  
  15  0:33  Pylon  
  15  0:36  Probe  
  16  0:49  Probe  
  17  0:51  Gateway  
  17  0:57  Assimilator  
  17  1:01  Probe  
  18  1:13  Probe  
  19  1:30  Nexus  
  19  1:32  Probe  
  20  1:37  Zealot (Chrono Boost)  
  22  1:51  Cybernetics Core  
  22  1:55  Probe  
  22  1:59  Zealot (Chrono Boost)  
  25  2:07  Probe, Assimilator  
  26  2:19  Probe  
  27  2:27  Adept (Chrono Boost)  
  29  2:31  Probe  
  29  2:36  Stargate  
  30  2:43  Probe  
  31  2:46  Probe  
  31  2:49  Pylon  
  32  2:53  Adept  
  32  2:55  Probe  
  35  2:59  Probe  
  35  3:05  Warp Gate  
  34  3:13  Shield Battery, Void Ray (Chrono Boost)  
  34  3:17  Shield Battery  
  38  3:28  Probe x2  
  40  3:40  Probe, Pylon  
  40  3:41  Probe  
  44  3:52  Probe  
  44  3:53  Probe  
  42  4:04  Probe  
  42  4:05  Probe  
  42  4:07  Pylon  
  42  4:08  Pylon  
  44  4:12  Twilight Council  
  44  4:16  Gateway  
  40  4:24  Gateway x2  
  40  4:25  Probe x2  
  40  4:27  Shield Battery  
  42  4:37  Probe x2  
  44  4:40  Blink (Chrono Boost), Assimilator  
  44  4:41  Assimilator  
  44  4:45  Pylon  
  44  4:49  Probe x2  
  44  4:51  Dark Shrine  
  46  4:58  Pylon  
  46  5:01  Probe x2  
  48  5:09  Pylon  
  48  5:11  Stalker  
  48  5:13  Probe  
  51  5:16  Shield Battery  
  51  5:18  Probe  
  52  5:22  Stalker x2  
  52  5:25  Probe  
  55  5:31  Probe  
  40  5:37  Probe  
  40  5:43  Pylon  
  40  5:45  Stalker  
  40  5:47  Stalker  
  45  5:50  Probe (Chrono Boost)  
  45  5:52  Probe (Chrono Boost)  
  46  6:01  Probe (Chrono Boost)  
  46  6:02  Probe (Chrono Boost)  
  46  6:04  Dark Templar  
  50  6:06  Probe (Chrono Boost)  
  51  6:11  Dark Templar  
  51  6:13  Probe  
  51  6:14  Pylon  
  51  6:16  Probe  
  55  6:20  Stalker  
  57  6:26  Probe  
  57  6:30  Probe  
  57  6:31  Robotics Facility  
  59  6:38  Probe  
  58  6:43  Probe  
  59  6:50  Probe  
  60  6:55  Probe  
  60  6:59  Forge  
  62  7:10  Probe, Stalker x2  
  62  7:11  Stalker, Pylon  
  62  7:14  Nexus  
  68  7:19  Pylon  
  68  7:24  Probe  
  68  7:27  Robotics Bay  
  67  7:31  Immortal (Chrono Boost)  
  67  7:36  Shield Battery  
  71  7:40  Sentry x2  
  71  7:41  Sentry  
  71  7:44  Protoss Ground Weapons Level 1 (Chrono Boost)  
  77  7:52  Shield Battery  
  77  7:54  Probe x2  
  79  8:00  Shield Battery  
  79  8:05  Pylon  
  79  8:07  Observer (Chrono Boost)  
  79  8:11  Stalker x2  
  79  8:13  Probe  
  79  8:16  Probe  
  72  8:25  Probe  
  73  8:28  Probe  
  73  8:31  Stalker  
  73  8:32  Probe  
  74  8:38  Probe  
  74  8:40  Probe  
  62  8:43  Zealot  
  62  8:44  Stalker, Probe  
  61  8:50  Probe  
  61  8:52  Colossus (Chrono Boost), Probe (Chrono Boost)  
  69  8:59  Sentry  
  69  9:02  Probe x2 (Chrono Boost)  
  73  9:08  Sentry, Stalker  
  77  9:11  Probe (Chrono Boost)  
  77  9:12  Probe (Chrono Boost)  
  77  9:16  Shield Battery  
  79  9:25  Probe x2  
  79  9:26  Probe  
  82  9:32  Pylon  
  82  9:34  Dark Templar  
  84  9:38  Assimilator  
  84  9:39  Colossus (Chrono Boost), Assimilator  
  90  9:46  Probe x2  
  90  9:47  Probe  
  91  10:04  Gateway  
  91  10:05  Gateway  
  91  10:07  Gateway  
  91  10:10  Sentry x2, Zealot  
  97  10:15  Observer  
  97  10:20  Probe x2  
  90  10:29  Nexus  
  96  10:38  Robotics Facility  
Tags
 
Add a new tag
Caveats
  • Supply blocks, unpowered buildings, or Contaminate may cause inaccurate times.
  • Supply counts are checked every 10 seconds.